 Dungeon Crawl Stone Soup version 0.29-a0-375-g5102b3be25 (webtiles) character file.

Game seed: 7469600857863962071

93 chopper the Chiller (level 4, -7/34 HPs)
             Began as a Demigod Ice Elementalist on May 3, 2022.
             Mangled by a black bear (8 damage)
             ... on level 3 of the Dungeon on May 4, 2022.
             The game lasted 00:21:33 (3840 turns).

chopper the Chiller (Demigod Ice Elementalist)      Turns: 3840, Time: 00:21:34

Health: -7/34      AC:  2    Str:  9    XL:     4   Next: 14%
Magic:  4/10       EV: 12    Int: 21    God:
Gold:   141        SH:  0    Dex: 14    Spells: 5/7 levels left

rFire   . . .      SeeInvis .   e - +0 dagger
rCold   . . .      Faith    .   (no shield)
rNeg    . . .      Spirit   .   a - +0 robe
rPois   .          Reflect  .   (no helmet)
rElec   .          Harm     .   (no cloak)
rCorr   .          Rampage  .   (no gloves)
Will    .....                   (no boots)
Stlth   ++........              (no amulet)
HPRegen 0.11/turn               (no ring)
MPRegen 0.12/turn               (no ring)

@: no status effects
A: high MP 1, forlorn, divine attributes
a: no special abilities


You were on level 3 of the Dungeon.
You visited 1 branch of the dungeon, and saw 3 of its levels.

You collected 141 gold pieces.

Inventory:

Hand Weapons
 c - a +0 spear
 e - a +0 dagger (weapon)
Missiles
 q - 3 curare-tipped darts
Armour
 a - a +0 robe (worn)
 k - a +0 chain mail
Wands
 p - a wand of charming (3)
Scrolls
 d - a scroll of fear {unknown}
 g - a scroll of fog {unknown}
 l - 2 scrolls of noise
 o - a scroll of blinking {unknown}
Potions
 b - a potion of magic
 h - 2 potions of curing
 i - a potion of cancellation
 j - a potion of mutation {unknown}
 m - a potion of flight {unknown}
 n - a potion of lignification {unknown}


   Skills:
 + Level 0.8 Fighting
 + Level 0.5 Short Blades
 + Level 0.4 Armour
 + Level 2.1 Dodging
 + Level 2.1 Stealth
 + Level 2.4 Spellcasting
 + Level 4.2 Ice Magic


You had 5 spell levels left.
You knew the following spells:

 Your Spells              Type           Power      Damage    Failure   Level
a - Freeze                Ice            80%        1d9       2%          1
b - Animate Skeleton      Necr           4%         N/A       14%         1

Your spell library contained the following spells:

 Spells                   Type           Power      Damage    Failure   Level
 Frozen Ramparts          Ice            40%        1d6       8%          3
 Ozocubu's Armour         Ice            20%        N/A       8%          3
 Foxfire                  Conj/Fire      8%         2x1d4     14%         1
 Pain                     Necr           8%         1d4       14%         1
 Conjure Flame            Conj/Fire      2%         6-21      38%         3
 Inner Flame              Hex/Fire       2%         N/A       38%         3
 Vampiric Draining        Necr           2%         2d6       38%         3
 Hailstorm                Conj/Ice       11%        3d5       50%         4
 Flame Wave               Conj/Fire      2%         2d4       80%         4


Dungeon Overview and Level Annotations

Branches:
Dungeon (3/15)


Innate Abilities, Weirdness & Mutations

You have an increased reservoir of magic. (+10% MP)
You shall have no god before yourself.
Your divine heritage dramatically boosts your attributes as you level up.


Message History

The black bear claws you.
Aiming: Freeze (safe; 2% risk of failure)
Press: ? - help, Q - select action, (/) - cycle Shift-Dir - straight line, f/p - black bear
Aim: a black bear (lightly wounded)
You freeze the black bear.
The black bear is moderately wounded.
The black bear bites you.
The black bear claws you but does no damage.
The black bear claws you.
Aiming: Freeze (safe; 2% risk of failure)
Press: ? - help, Q - select action, (/) - cycle Shift-Dir - straight line, f/p - black bear
Aim: a black bear (moderately wounded)
You freeze the black bear.
The black bear is heavily wounded.
The black bear misses you.
The black bear claws you but does no damage.
The black bear claws you.
Aiming: Freeze (safe; 2% risk of failure)
Press: ? - help, Q - select action, (/) - cycle Shift-Dir - straight line, f/p - black bear
Aim: a black bear (heavily wounded)
You freeze the black bear.
The black bear is severely wounded.
The black bear bites you!
* * * LOW HITPOINT WARNING * * *
The black bear claws you.
* * * LOW HITPOINT WARNING * * *
The black bear misses you.
Casting: Animate Skeleton (safe; 14% risk of failure)
Press: ? - help, Q - select action, (/) - cycle Dir - look around, f - activate You attempt to give life to the dead...
Before your eyes, flesh is ripped from the corpse!
The dead are walking!
The black bear bites you but does no damage.
The black bear claws you.
* * * LOW HITPOINT WARNING * * *
The black bear misses you.
As you read the scroll of identify, it crumbles to dust.
i - a potion of cancellation The black bear bites you!
You die...

.........[...#
##.#..##.###.#.# #.# .##
#.#.....###.#.# #.##.!
#.#...........# #.#..
##.#..##.......# #.#.# ##
...#..#####..#.# #...#...
####..# #....# #....#
####..#####..#######...#
................@h..Z#
####################........
#........ #.##..... ###
#####


You could see a black bear (ally target) and a friendly kobold skeleton.

Vanquished Creatures
  3 adders
  3 dart slugs
  2 orcs (D:3)
  7 bats
  5 endoplasms
  2 giant cockroaches
  5 goblins
  8 hobgoblins
  A quokka (D:1)
  4 ball pythons (D:1)
  3 frilled lizards
  8 kobolds
  2 rats
53 creatures vanquished.

Notes
Turn   | Place    | Note
-------+----------+-------------------------------------------
     0 | D:1      | chopper the Demigod Ice Elementalist began the quest for
                  | the Orb.
     0 | D:1      | Reached XP level 1. HP: 14/14 MP: 5/5
   973 | D:1      | Reached XP level 2. HP: 18/22 MP: 7/7
  1181 | D:1      | Reached skill level 4 in Ice Magic
  2422 | D:2      | Reached XP level 3. HP: 23/27 MP: 6/8
  3574 | D:3      | Learned a level 1 spell: Animate Skeleton
  3591 | D:2      | Reached XP level 4. HP: 20/34 MP: 4/10
  3783 | D:3      | Upgraded the game from 0.29-a0-371-g91724d5b39 to
                  | 0.29-a0-375-g5102b3be25
  3826 | D:3      | Noticed a black bear
  3839 | D:3      | HP: 1/34 [black bear (4)]
  3840 | D:3      | Mangled by a black bear

Illustrated notes

Levels and vault maps discovered:
D:1:      dpeg_arrival_line_fractal, layout_basic,
          hellmonk_ecumenical_altar_arch_garden
D:2:      layout_loops_corners, minmay_tall_x
D:3:      layout_basic, mainiacjoe_overflow_catwalk,
          mainiacjoe_overflow_divided_tiny, minmay_distorted, uniq_robin,
          uniq_crazy_yiuf_cottage

Skill      XL: |  1  2  3 |
---------------+----------+-----
Dodging        | 2 |  2.1
Ice Magic      | 4 |  4.2
Stealth        | 2 |  2.1
Spellcasting   | 2 |  2.4
Fighting       | |  0.8
Short Blades   | |  0.5
Armour         | |  0.4

Action                   |  1- 3 |  4- 6 || total
-------------------------+-------+-------++-------
Melee: Dagger            |   138 |       ||   138
       Spear             |     4 |       ||     4
       Punch             |     2 |       ||     2
 Cast: Freeze            |    42 |    14 ||    56
       Animate Skeleton  |       |     1 ||     1
  Use: Scroll            |       |     3 ||     3
 Stab: Sleeping          |     2 |       ||     2
Armor: Robe              |    38 |     3 ||    41
       Chain mail        |    23 |       ||    23
Dodge: Dodged            |   112 |    16 ||   128

Table legend: (Time is in decaauts)
 A = Elapsed time spent in this place.
 B = Non-inter-level travel time spent in this place.
 C = Inter-level travel time spent in this place.
 D = Time resting spent in this place.
 E = Time spent auto-exploring this place.
 F = Levels seen in this place.
 G = Mean time per level.
                   A        B        C        D        E       F      G
               +--------+--------+--------+--------+--------+-----+--------+
         Total |   3838 |   3838 |      0 |   1241 |      0 |   3 | 1279.3 |
       Dungeon |   3838 |   3838 |      0 |   1241 |      0 |   3 | 1279.3 |
               +--------+--------+--------+--------+--------+-----+--------+

Top non-repeatable levels by time:
     D:1: 2409 daAuts
     D:2: 1263 daAuts
     D:3: 165 daAuts
